 Dungeon Crawl Stone Soup version 0.32-a0-893-gf85d74f360 (webtiles) character file.

Game seed: 17092033049054140525

21 BubbleThief the Sneak (level 2, -1/19 HPs)
             Began as a Vampire Enchanter on Apr 3, 2024.
             Slain by a kobold
             ... wielding a +0 short sword
              (3 damage)
             ... on level 1 of the Dungeon.
             The game lasted 00:00:50 (608 turns).

BubbleThief the Sneak (Vampire Enchanter)            Turns: 608, Time: 00:00:51

Health: -1/19      AC:  2    Str:  7    XL:     2   Next: 65%
Magic:  5/5        EV: 11    Int: 17    God:
Gold:   23         SH:  0    Dex: 14    Spells: 5/5 levels left

rFire   . . .        a - +1 dagger
rCold   . . .        (no shield)
rNeg    . . .        b - +0 robe
rPois   .            (no helmet)
rElec   .            (no cloak)
rCorr   .            (no gloves)
SInv    +            (no boots)
Will    .....        (no amulet)
Stlth   +++          (no ring)
HPRegen 0.43/turn    (no ring)
MPRegen 0.09/turn

%: no passive effects
@: healing quickly
A: alive, fangs 3, see invisible, vampiric 1
a: Exsanguinate


You were on level 1 of the Dungeon.
You visited 1 branch of the dungeon, and saw 1 of its levels.

You collected 23 gold pieces.

Inventory:

Hand Weapons
 a - a +1 dagger (weapon)
Missiles
 f - a throwing net (quivered)
Armour
 b - a +0 robe (worn)
Scrolls
 d - a scroll of teleportation {unknown}
Potions
 c - 2 potions of invisibility
 e - a potion of haste {unknown}
 g - 2 potions of ambrosia {unknown}


   Skills:
 + Level 1.6 Short Blades
 - Level 2.1 Dodging
 * Level 5.1 Stealth
 - Level 2.0 Spellcasting
 * Level 5.0 Hexes


You had 5 spell levels left.
You didn't know any spells.
Your spell library contained the following spells:

 Spells                   Type           Power      Damage    Failure   Level
 Confusing Touch          Hex            18%        N/A       8%          3
 Tukima's Dance           Hex            18%        N/A       8%          3
 Ensorcelled Hibernation  Hex/Ice        20%        N/A       11%         2
 Dazzling Flash           Conj/Hex       20%        N/A       21%         3


Dungeon Overview and Level Annotations

Branches:
Dungeon (1/15)

Altars:


Innate Abilities, Weirdness & Mutations

Your natural rate of healing is accelerated.
You have razor-sharp teeth.
You have supernaturally acute eyesight. (SInv)
You are afflicted with vampirism.


Message History

You open the door.
There is an open door here.
An endoplasm comes into view.
An endoplasm is nearby!
A kobold comes into view. It is wielding a +0 short sword.
The kobold shouts!
The endoplasm quivers.
The kobold closely misses you. The endoplasm freezes you.
You are frozen.
You hit the kobold.
The kobold is moderately wounded.
You closely miss the kobold.
The kobold is moderately wounded.
The kobold closely misses you. The endoplasm closely misses you.
You hit the kobold.
The kobold is heavily wounded.
The kobold hits you with a +0 short sword.
The endoplasm hits you.
You barely miss the kobold.
The kobold is heavily wounded.
The kobold hits you with a +0 short sword.
The endoplasm barely misses you.
You barely miss the kobold.
The kobold is heavily wounded.
The kobold hits you but does no damage. The endoplasm freezes you.
You are frozen.
You are too injured to fight recklessly!
The kobold attacks as it pursues you!
The kobold hits you with a +0 short sword.
* * * LOW HITPOINT WARNING * * *
You closely miss the kobold.
The kobold is moderately wounded.
The kobold hits you with a +0 short sword.
* * * LOW HITPOINT WARNING * * *
You barely miss the kobold.
The kobold is moderately wounded.
The kobold hits you with a +0 short sword.
You die...

##........ .........#####.#
#......... ...............'
#..####.#.###.######.#####.#
#..........##.######.#####.#
#..######..##.............†)
#..# #..##........#####.# #..#
#............ #.# #.)#
#..##........ #.#
#####..######..@KJ....... #.#
#.............###........ #.#
#####..........##........#####.#
#.#######..##...............
#.######............########
#...................####
#.#######..##....##....##### #.#
#..##....# ###...... #.#
#..##.÷..#####.###..


You could see an endoplasm and a kobold.

Vanquished Creatures
  2 dart slugs (D:1)
  A giant cockroach (D:1)
  2 goblins (D:1)
  3 hobgoblins (D:1)
  2 quokkas (D:1)
  4 ball pythons (D:1)
  A bat (D:1)
  A frilled lizard (D:1)
16 creatures vanquished.

Notes
Turn   | Place    | Note
-------+----------+-------------------------------------------
     0 | D:1      | BubbleThief the Vampire Enchanter began the quest for the
                  | Orb.
     0 | D:1      | Reached XP level 1. HP: 13/13 MP: 3/3
   362 | D:1      | Reached XP level 2. HP: 19/19 MP: 5/5
   465 | D:1      | Reached skill level 5 in Stealth
   519 | D:1      | Reached skill level 5 in Hexes
   608 | D:1      | Slain by a kobold

Illustrated notes

Levels and vault maps discovered:
D:1:      lemuel_arrival_funnel, layout_basic

Skill      XL: |  1  2 |
---------------+-------+-----
Stealth        | 5 |  5.1
Hexes          | 5 |  5.0
Short Blades   | |  1.6
Dodging        | |  2.1
Spellcasting   | |  2.0

Action                     || total
---------------------------++-------
  Melee: Dagger            ||    62
         Bite              ||     4
   Stab: Sleeping          ||     8
 Armour: Robe              ||    25
  Dodge: Dodged            ||    32

Table legend: (Time is in decaauts)
 A = Elapsed time spent in this place.
 B = Non-inter-level travel time spent in this place.
 C = Inter-level travel time spent in this place.
 D = Time resting spent in this place.
 E = Time spent auto-exploring this place.
 F = Levels seen in this place.
 G = Mean time per level.
                   A        B        C        D        E       F      G
               +--------+--------+--------+--------+--------+-----+--------+
         Total |    604 |    604 |      0 |      0 |    467 |   1 |  604.0 |
       Dungeon |    604 |    604 |      0 |      0 |    467 |   1 |  604.0 |
               +--------+--------+--------+--------+--------+-----+--------+

Top non-repeatable levels by time:
     D:1: 604 daAuts
